[Event "Australian-ch 2020"]
[Site "Kogarah"]
[Date "2020.01.06"]
[Round "5.9"]
[White "Lo, Willis"]
[Black "McGowan, Cameron"]
[Result "1-0"]
[ECO "E68"]
[WhiteElo "2108"]
[BlackElo "2221"]
[Annotator "ChessBase"]
[PlyCount "147"]
[EventDate "2020.01.02"]
[EventType "swiss"]
[EventCountry "AUS"]
[SourceTitle "playchess.com"]
[Source "ChessBase"]
[SourceQuality "1"]
[TimeControl "40/5400+30:1800+30"]

1. c4 Nf6 2. g3 g6 3. Bg2 Bg7 4. Nc3 O-O 5. d4 d6 6. Nf3 Nbd7 7. O-O e5 8. e4 exd4 9. Nxd4 Re8 10. h3 a6 11. Be3 Rb8 12. b3 c5 13. Nde2 b5 14. Qxd6 b4 15. Na4 Nxe4 16. Bxe4 Bxa1 17. Rxa1 Rxe4 18. Nxc5 Re8 19. Rd1 Qe7 20. Qxe7 Rxe7 21. Nf4 Nxc5 22. Bxc5 Rd7 23. Nd5 Kg7 24. Bd4+ f6 25. Bxf6+ Kf7 26. Be5 Rbb7 27. g4 Rd8 28. c5 Rb5 29. Bd6 Bb7 30. Ne3 Bc6 31. f4 a5 32. Rd4 Kg8 33. Nc4 Be8 34. Ne5 Rc8 35. Nd3 Rb7 36. Kf2 Ra8 37. Ne5 Rc8 38. f5 Kg7 39. Rf4 gxf5 40. gxf5 Kf6 41. Ng4+ Kf7 42. f6 h5 43. Nh6+ Ke6 44. Ng8 Rb5 45. f7 Bxf7 46. Rf6+ Kd7 47. Rxf7+ Ke6 48. Re7+ Kd5 49. Nf6+ Kd4 50. Nxh5 Kc3 51. Nf4 Kb2 52. Re2+ Kb1 53. Nd3 Rb7 54. h4 Rf7+ 55. Nf4 Rh8 56. Kg3 Rg7+ 57. Kh3 Rgh7 58. h5 Rc8 59. Kg4 Rg8+ 60. Ng6 Rf7 61. Kg5 Rf1 62. c6 Rc1 63. c7 Rc6 64. Be5 Re8 65. h6 Rg8 66. h7 Rgxg6+ 67. Kf5 Rh6 68. Rh2 Rxh7 69. Rxh7 Kxa2 70. Rh8 Kxb3 71. c8=Q Rxc8 72. Rxc8 a4 73. Bd6 a3 74. Rb8 1-0

[Event "Australian-ch 2020"]
[Site "Kogarah"]
[Date "2020.01.06"]
[Round "5.10"]
[White "Huynh, Arthur"]
[Black "Bayaca, Sterling"]
[Result "1-0"]
[ECO "E04"]
[WhiteElo "2136"]
[BlackElo "1994"]
[Annotator "ChessBase"]
[PlyCount "77"]
[EventDate "2020.01.02"]
[EventType "swiss"]
[EventCountry "AUS"]
[SourceTitle "playchess.com"]
[Source "ChessBase"]
[SourceQuality "1"]
[TimeControl "40/5400+30:1800+30"]

1. d4 d5 2. c4 e6 3. g3 Nf6 4. Bg2 dxc4 5. Nf3 Bd7 6. Ne5 Bc6 7. Nxc6 Nxc6 8. e3 Qd7 9. O-O Nd5 10. Qe2 O-O-O 11. Qxc4 h5 12. Nc3 h4 13. Bd2 hxg3 14. hxg3 f5 15. Rfc1 g5 16. Nxd5 exd5 17. Qa4 Qh7 18. Rxc6 bxc6 19. Qxc6 Kb8 20. Qb5+ Kc8 21. Rc1 Qd7 22. Rc6 Rh7 23. Ba5 Qe8 24. Bxd5 Rxd5 25. Qxd5 Qh5 26. Rxc7+ Rxc7 27. Qa8+ Kd7 28. Bxc7 Qd1+ 29. Kg2 Qc2 30. Qd8+ Kc6 31. d5+ Kb7 32. Qb8+ Ka6 33. Qc8+ Kb5 34. Qb7+ Kc4 35. Qc6+ Bc5 36. d6 f4 37. Qa6+ Kd5 38. Qb7+ Kc4 39. Qb3+ 1-0

[Event "Australian-ch 2020"]
[Site "Kogarah"]
[Date "2020.01.07"]
[Round "6.4"]
[White "Kethro, Michael"]
[Black "Bjelobrk, Igor"]
[Result "0-1"]
[ECO "E08"]
[WhiteElo "2093"]
[BlackElo "2403"]
[Annotator "RC"]
[PlyCount "122"]
[EventDate "2020.01.02"]
[EventType "swiss"]
[EventCountry "AUS"]
[SourceTitle "playchess.com"]
[Source "ChessBase"]
[SourceQuality "1"]
[TimeControl "40/5400+30:1800+30"]

1. d4 Nf6 2. c4 e6 3. g3 d5 4. Nf3 Bb4+ 5. Bd2 Be7 6. Bg2 O-O 7. O-O Nbd7 8. Qc2 Ne4 9. Bf4 c6 10. Nfd2 g5 11. Nxe4 gxf4 12. Nec3 Bd6 13. Nd2 Qg5 14. Nf3 Qh6 15. gxf4 Bxf4 16. e3 Bd6 17. e4 dxe4 18. Qxe4 Kh8 19. Rfe1 Rg8 20. Ne5 Qg7 21. Nxd7 Bxd7 22. Re3 f5 23. Qf3 Raf8 24. Kh1 Rf6 25. Ree1 Rh6 26. Bh3 Qxd4 27. Rad1 Qf4 28. Qxf4 Bxf4 29. Ne2 Rxh3 30. Nxf4 Rf3 31. Rxd7 Rxf4 32. Rg1 Rxf2 33. Rxg8+ Kxg8 34. Rxb7 f4 35. Kg1 Re2 36. Kf1 Rxh2 37. Re7 Rxb2 38. Rxe6 Rxa2 39. Rxc6 Kg7 40. Rc7+ Kg6 41. c5 h5 42. c6 h4 43. Rc8 h3 44. c7 h2 45. Rg8+ Kf6 46. Rh8 Rc2 47. Rxh2 Rxc7 48. Rh5 Rc1+ 49. Ke2 Ra1 50. Kf3 Ra4 51. Rb5 a5 52. Rh5 Ke6 53. Rg5 Kd6 54. Rh5 Kc6 55. Rg5 Kb6 56. Rf5 Rc4 57. Rf8 a4 58. Ra8 Kc5 59. Ra7 Kb4 60. Rb7+ Kc3 61. Ra7 Kb3 0-1

[Event "Australian-ch 2020"]
[Site "Kogarah"]
[Date "2020.01.07"]
[Round "6.10"]
[White "Bayaca, Sterling"]
[Black "Parle, Hughston"]
[Result "1/2-1/2"]
[ECO "E92"]
[WhiteElo "1994"]
[BlackElo "2057"]
[Annotator "NA RC"]
[PlyCount "128"]
[EventDate "2020.01.02"]
[EventType "swiss"]
[EventCountry "AUS"]
[SourceTitle "playchess.com"]
[Source "ChessBase"]
[SourceQuality "1"]
[TimeControl "40/5400+30:1800+30"]

1. c4 Nf6 2. Nc3 g6 3. e4 d6 4. d4 Bg7 5. Nf3 O-O 6. Be2 e5 7. dxe5 dxe5 8. Qxd8 Rxd8 9. Bg5 Re8 10. Nd5 Nxd5 11. cxd5 c6 12. Bc4 cxd5 13. Bxd5 Na6 14. O-O-O Nb4 15. Bb3 {E92: King's Indian: Classical: 6 Be2 e5: 7 dxe5, 7 Be3 and Petrosian System without 7...Nbd7} Be6 16. Bxe6 Rxe6 17. Kb1 b6 $146 ({Predecessor:} 17... Bf8 18. Rd7 f6 19. Be3 b6 20. Rhd1 Na6 21. Rd8 Rxd8 22. Rxd8 Kf7 23. Rd7+ Re7 24. Rxe7+ Bxe7 25. Nd2 {½-½ (25) Strovsky,M (2058)-Mammadov,R (2423) Zolochiv 2017}) 18. g4 f6 19. Be3 Bf8 20. h4 Na6 21. h5 Nc5 22. hxg6 hxg6 23. Bxc5 Bxc5 24. Rh6 Rd6 (24... Rae8 $11 {remains equal.}) 25. Rxg6+ Kh7 26. Rxd6 Kxg6 27. Nxe5+ Kg5 28. f4+ Kxf4 29. Nd3+ Kxe4 30. Nxc5+ bxc5 31. Rxf6 Rg8 32. Ra6 Rxg4 $2 (32... c4 $11) 33. Ra4+ Kf5 34. Rxa7 Ke5 35. Rd7 Ke6 36. Rd3 Rg2 37. Kc1 Ke5 $2 {[#]} (37... Rg8 $16) 38. Rd2 $1 Rg3 39. Kc2 Ke4 40. Rd8 Rh3 41. a4 Ke5 42. a5 Rh4 43. b3 Rh2+ 44. Rd2 Rh7 45. Kc3 Ra7 46. b4 cxb4+ 47. Kxb4 Rb7+ 48. Kc5 Rc7+ 49. Kb6 Rc1 50. Rb2 Rh1 51. a6 Rh6+ 52. Ka5 Rh7 53. Rb7 Rh8 54. Rb4 Rh7 55. Kb6 Rh6+ 56. Ka7 Rh7+ 57. Ka8 Kd5 58. a7 Kc6 59. Rb8 Rg7 $11 60. Rf8 Kb6 61. Rf6+ Kc7 62. Rf8 Kb6 63. Rb8+ Ka6 64. Rb7 Rxb7 1/2-1/2

[Event "Australian-ch 2020"]
[Site "Kogarah"]
[Date "2020.01.09"]
[Round "7.10"]
[White "Ng, Clive"]
[Black "Bayaca, Sterling"]
[Result "0-1"]
[ECO "C45"]
[WhiteElo "2061"]
[BlackElo "1994"]
[Annotator "NA RC"]
[PlyCount "88"]
[EventDate "2020.01.02"]
[EventType "swiss"]
[EventCountry "AUS"]
[SourceTitle "playchess.com"]
[Source "ChessBase"]
[SourceQuality "1"]
[TimeControl "40/5400+30:1800+30"]

1. e4 e5 2. Nf3 Nc6 3. d4 exd4 4. Nxd4 Nf6 5. Nxc6 bxc6 6. e5 Qe7 7. Qe2 Nd5 8. c4 Nb6 9. Nc3 Bb7 {C45: Scotch Game} (9... a5 10. Bd2 g6 11. Ne4 Bg7 12. Nf6+ Kd8 13. O-O-O Ba6 14. Qg4 Kc8 15. Bxa5 h5 16. Qg3 h4 17. Qg4 Qxe5 {½-½ (38) Radjabov,T (2756)-Topalov,V (2740) Shamkir 2019}) 10. h4 Qe6 11. Bg5 Bb4 $146 ({Predecessor:} 11... h6 12. Bd2 O-O-O 13. Rh3 Bc5 14. f4 d6 15. exd6 Qf5 16. O-O-O cxd6 17. Qe4 {1-0 (51) Rodrigues,E (2295)-Rodi,L (2370) Sao Bernardo do Campo 2014}) 12. Rh3 Ba6 13. b3 Qxh3 14. gxh3 Bxc3+ 15. Kd1 Bxa1 16. h5 h6 17. Bh4 {[#]} O-O $1 18. Qe4 Nd5 (18... d5 $142 19. exd6 Rae8) 19. Qf5 {[#]} (19. Kc2 {might work better.}) 19... Nc3+ $2 ({Better is} 19... Rae8 $1 $19 20. Bd3 g6 21. hxg6 Rxe5 22. Qxd7 Nf4 23. gxf7+ Rxf7 24. Qg4+ Kf8) 20. Ke1 $2 (20. Kc2 $11 Nxa2 21. Kb1) 20... d5 21. Bd3 Ne4 22. Bf6 Bc8 23. Qf4 Nxf6 24. exf6 Bc3+ 25. Kd1 Bxf6 26. Qxc7 Bxh3 27. Qg3 Be6 28. c5 a5 29. Bc2 Rfe8 30. f3 d4 31. Be4 Bd5 32. Bxd5 cxd5 33. Qd6 d3 34. Kd2 Rad8 35. Qb6 Re2+ 36. Kxd3 Rde8 37. c6 R8e3+ $2 (37... d4 38. f4 Rxa2) 38. Qxe3 Rxe3+ 39. Kxe3 Be5 40. a4 Kf8 41. b4 axb4 42. a5 Ke7 43. a6 Bb8 44. c7 Bxc7 0-1

[Event "Australian-ch 2020"]
[Site "Kogarah"]
[Date "2020.01.10"]
[Round "8.10"]
[White "Parle, Hughston"]
[Black "Ng, Clive"]
[Result "1-0"]
[ECO "B33"]
[WhiteElo "2057"]
[BlackElo "2061"]
[Annotator "NA RC"]
[PlyCount "77"]
[EventDate "2020.01.02"]
[EventType "swiss"]
[EventCountry "AUS"]
[SourceTitle "playchess.com"]
[Source "ChessBase"]
[SourceQuality "1"]
[TimeControl "40/5400+30:1800+30"]

1. e4 c5 2. Nf3 Nc6 3. d4 cxd4 4. Nxd4 Nf6 5. Nc3 e5 6. Ndb5 d6 7. Bg5 a6 8. Na3 b5 9. Nd5 (9. Bxf6 $5 gxf6 10. Nd5 $11) 9... Be7 10. Bxf6 Bxf6 11. c4 b4 12. Nc2 a5 13. h4 {B33: Sicilian: Pelikan and Sveshnikov Variations} (13. Qf3 Be6 14. Rd1 Bxd5 15. exd5 Nd4 16. Nxd4 exd4 17. Bd3 Kf8 18. g3 g6 19. h4 h5 20. O-O Kg7 {½-½ (34) Karjakin,S (2748)-Radjabov,T (2759) Moscow 2019}) 13... O-O 14. g3 g6 15. Bh3 Bb7 16. h5 Bg5 17. hxg6 $146 ({Predecessor:} 17. Qd3 Ne7 18. Nce3 Nxd5 19. Nxd5 {½-½ (38) Tiemann,H (2362)-Walczak,P (2473) ICCF email 2015}) 17... fxg6 18. Qe2 Ne7 19. Nce3 Nxd5 20. Be6+ Kh8 21. exd5 ({White should try} 21. Nxd5 $11 h5 22. Rd1) 21... Bxe3 ({Better is} 21... Qb6 $15) 22. Qxe3 Qf6 $2 {[#]} (22... Rf6 $11 23. O-O-O (23. Qh6 Qe7 $14) 23... Rxe6 24. dxe6 Bxh1 25. Rxh1 Qg8) 23. O-O-O $1 Qg7 24. Rh4 g5 25. Rh5 Bc8 26. Rxg5 Qf6 $18 (26... Qc7 $142) 27. Rf5 Qe7 28. Rxf8+ Qxf8 29. f4 Bxe6 30. dxe6 Rc8 31. Qe4 exf4 32. gxf4 Qg7 33. Rxd6 a4 34. e7 Re8 35. Rd8 Qg1+ 36. Kd2 Qf2+ 37. Kd3 Qf1+ 38. Kd4 Qf2+ 39. Kd5 1-0

[Event "Australian-ch 2020"]
[Site "Kogarah"]
[Date "2020.01.11"]
[Round "9.1"]
[White "Solomon, Stephen J"]
[Black "Kuybokarov, Temur"]
[Result "0-1"]
[ECO "B33"]
[WhiteElo "2319"]
[BlackElo "2523"]
[Annotator "RC"]
[PlyCount "84"]
[EventDate "2020.01.02"]
[EventType "swiss"]
[EventCountry "AUS"]
[SourceTitle "playchess.com"]
[Source "ChessBase"]
[SourceQuality "1"]
[TimeControl "40/5400+30:1800+30"]

1. e4 c5 2. Nf3 Nc6 3. d4 cxd4 4. Nxd4 Nf6 5. Nc3 e5 6. Ndb5 d6 7. Bg5 a6 8. Na3 b5 9. Nd5 Be7 10. Bxf6 Bxf6 11. c3 Bg5 12. Nc2 Rb8 13. b4 Ne7 14. h4 Bxh4 15. Rxh4 Nxd5 16. Qxd5 Qxh4 17. Qxd6 Rb7 18. Qc6+ Kd8 19. a4 Qh6 20. axb5 Qxc6 21. bxc6 Rb6 22. b5 axb5 23. Nb4 h5 24. Ra7 Be6 25. Ra8+ Bc8 26. Ra7 Be6 27. Ra8+ Bc8 28. Nd5 Rxc6 29. Bxb5 Rc5 30. c4 h4 31. Nb4 Rh6 32. Ke2 Rb6 33. Kd3 Rg6 34. Na6 Rc7 35. c5 Rb7 36. Kc4 Rxg2 37. c6 Re7 38. Nb4 h3 39. Ba6 Rc7 40. Kc5 h2 41. Nd5 Rxc6+ 42. Kxc6 Rg6+ 0-1

[Event "Australian-ch 2020"]
[Site "Kogarah"]
[Date "2020.01.11"]
[Round "9.10"]
[White "Ng, Clive"]
[Black "Plant, John Stuart"]
[Result "1/2-1/2"]
[ECO "B07"]
[WhiteElo "2061"]
[BlackElo "1993"]
[Annotator "NA RC"]
[PlyCount "81"]
[EventDate "2020.01.02"]
[EventType "swiss"]
[EventCountry "AUS"]
[SourceTitle "playchess.com"]
[Source "ChessBase"]
[SourceQuality "1"]
[TimeControl "40/5400+30:1800+30"]

1. e4 d6 2. d4 Nf6 3. Nc3 e5 4. Nge2 c6 5. a4 (5. g3 g6 6. Bg2 Bg7 7. O-O O-O 8. h3 b5 9. a3 Bb7 10. f4 exd4 11. Nxd4 Re8 12. Nde2 a5 13. e5 Qb6+ 14. Qd4 c5 15. Qf2 dxe5 16. fxe5 Rxe5 17. Bf4 Re8 {0-1 (47) Vitiugov,N (2734)-Bologan,V (2672) Khanty-Mansiysk 2013}) 5... Be7 6. g3 {B07: Pirc Defence: Miscellaneous Systems} Qc7 7. Bg2 Na6 8. O-O $146 ({Predecessor:} 8. h3 O-O 9. Be3 Be6 10. f4 Rfd8 11. d5 cxd5 12. exd5 {1-0 (39) Radnai,A (2229)-Kelly,L (2229) Hungary 2010}) 8... Bd7 9. h3 Nb4 10. Be3 h5 11. Qd2 Qc8 12. Kh2 a5 13. Rae1 (13. f3 $14) 13... Qc7 14. f4 h4 15. g4 Bxg4 16. fxe5 dxe5 17. dxe5 Rd8 18. Qc1 Be6 19. Ng1 Qxe5+ $2 (19... Nh5 $19 20. Nf3 Na6) 20. Bf4 Qh5 21. Nf3 {[#]} {Better is} Qg6 $1 $19 (21... Qh7 $2 22. Ne5 $2 (22. Ng5 $11 Qg6 23. Nxe6 fxe6 24. e5)) 22. Ne5 (22. Rg1 Nh5) 22... Qh7 23. Nf3 Bc4 24. Rf2 {[#]} Nh5 $1 25. e5 O-O 26. Bg5 Bc5 27. Rd2 Rxd2 28. Nxd2 (28. Qxd2 $17 Qxc2 29. Ne4) 28... Be6 $19 ({Don't go for} 28... Nxc2 $2 29. Be4 $18 {[%mdl 64] Double Attack} (29. Nxc4 Nxe1 30. Be4 f5 $14)) 29. Nce4 Bd4 (29... Bb6 $19 {is more deadly.} 30. Nf3 Bd5) 30. Nf3 Bb6 31. Bxh4 Qf5 32. Nd6 Qf4+ 33. Qxf4 Nxf4 34. Nxb7 Nxc2 35. Rc1 Nxg2 36. Kxg2 Nd4 37. Nxd4 Bxd4 38. Nxa5 Bxb2 39. Rc2 Bxe5 40. Nxc6 Bb3 41. Rc5 1/2-1/2

[Event "Australian-ch 2020"]
[Site "Kogarah"]
[Date "2020.01.12"]
[Round "10.10"]
[White "Plant, John Stuart"]
[Black "Parle, Hughston"]
[Result "0-1"]
[ECO "A54"]
[WhiteElo "1993"]
[BlackElo "2057"]
[Annotator "NA RC"]
[PlyCount "118"]
[EventDate "2020.01.02"]
[EventType "swiss"]
[EventCountry "AUS"]
[SourceTitle "playchess.com"]
[Source "ChessBase"]
[SourceQuality "1"]
[TimeControl "40/5400+30:1800+30"]

1. b3 d6 2. Bb2 Nd7 3. e3 Ngf6 4. d4 e5 5. c4 c6 (5... c5) (5... exd4 $11 {keeps the balance.} 6. Qxd4 g6) 6. Nc3 Be7 7. Qc2 O-O 8. Nf3 Re8 9. Be2 Bf8 10. O-O a6 11. Nd2 {A54: Old Indian Defence with Nf3, but without e4} b5 $146 ({Predecessor:} 11... g6 12. Rae1 Qc7 13. f4 Bg7 14. c5 exd4 15. cxd6 Qxd6 16. Nc4 Qc7 17. exd4 Nb6 18. Ne5 Nfd5 {0-1 (38) Ascic,A (2207)-Bosnjak,P (2095) Bol 2013}) 12. Bf3 Qb6 13. Nce4 Bb7 14. Nxf6+ Nxf6 15. Rfc1 c5 16. d5 g6 17. g4 Bc8 18. g5 Nd7 19. Ne4 Qd8 20. Be2 bxc4 21. Bxc4 f5 22. gxf6 Nxf6 23. Nxf6+ Qxf6 24. f4 Bg7 25. Qg2 Qh4 26. Qg3 Qh5 27. Qg5 exf4 28. Qxh5 gxh5 29. Bxg7 Kxg7 30. exf4 Ra7 31. Re1 Rae7 32. Rxe7+ Rxe7 33. Kf2 Kf6 34. Bd3 a5 35. Rg1 Rg7 36. Re1 Bd7 37. Kf3 Bg4+ 38. Kf2 Bd7 39. Re3 h4 40. a3 h6 41. a4 Rg4 42. Kf3 h3 43. Bf1 Rg1 44. Kf2 $15 Rh1 45. Rd3 Bf5 46. Re3 Rxh2+ 47. Kg1 Rd2 48. Bxh3 Rd3 49. Rxd3 Bxd3 50. Kf2 Bc2 51. Bd7 Bxb3 52. Bc6 Bc2 53. Ke3 h5 54. Bd7 Bf5 55. Bb5 Bg4 56. Bd3 h4 57. Kf2 Bd1 58. Kg2 Bxa4 59. Kh3 Bb3 0-1